 Dungeon Crawl Stone Soup version 0.25-a0-647-gd602d06 (webtiles) character file.

Game seed: 7339837021821794170, levelgen mode: deterministic

102 southernslant the Twirler (level 4, -3/28 HPs)
             Began as a Gargoyle Gladiator on Mar 22, 2020.
             Killed from afar by Grinder (7 damage)
             ... with a puff of flame
             ... on level 3 of the Dungeon.
             The game lasted 00:05:49 (2119 turns).

southernslant the Twirler (Gargoyle Gladiator)      Turns: 2119, Time: 00:05:49

Health: -3/28      AC:  7    Str: 18    XL:     4   Next: 78%
Magic:  4/4        EV: 13    Int:  8    God:
Gold:   179        SH:  0    Dex: 12    Spells: 3/3 levels left

rFire    . . .     SeeInvis .   a - +0 quarterstaff
rCold    . . .     Gourm    .   (shield currently unavailable)
rNeg     + . .     Faith    .   b - +0 leather armour
rPois    ∞         Spirit   .   c - +0 helmet
rElec    +         Reflect  .   (no cloak)
rCorr    .         Harm     .   (no gloves)
MR       .....                  (no boots)
Stlth    +.........             (no amulet)
HPRegen  0.09/turn              (no ring)
MPRegen  0.09/turn              (no ring)

@: no status effects
A: negative energy resistance 1, electricity resistance, unbreathing,
petrification resistance, rot immunity, AC +3
a: no special abilities


You were on level 3 of the Dungeon.
You were not hungry.

You visited 1 branch of the dungeon, and saw 3 of its levels.

You collected 179 gold pieces.

Inventory:

Hand Weapons
 a - a +0 quarterstaff (weapon)
 i - a +0 hunting sling
 t - a +1 dagger of venom
Missiles
 d - 3 throwing nets (quivered)
 e - 26 sling bullets
 o - 47 stones
Armour
 b - a +0 leather armour (worn)
 c - a +0 helmet (worn)
Jewellery
 g - an uncursed ring of see invisible {unknown}
 y - an uncursed ring of magical power {unknown}
Scrolls
 h - a scroll of enchant armour {unknown}
 j - a scroll of fog {unknown}
 k - 3 scrolls of identify {unknown}
 l - 2 scrolls of remove curse {unknown}
 q - 3 scrolls of teleportation {unknown}
 r - a scroll of immolation {unknown}
 s - 2 scrolls of enchant weapon {unknown}
 u - a scroll of magic mapping {unknown}
 x - 2 scrolls of amnesia {unknown}
Potions
 m - a potion of haste {unknown}
 n - a potion of might {unknown}
 p - a potion of lignification {unknown}
 v - 3 potions of curing {unknown}
 w - a potion of invisibility {unknown}
Comestibles
 f - 5 rations
 z - a chunk of flesh


   Skills:
 * Level 3.3 Fighting
 + Level 3.6 Staves
 * Level 1.1(1.6) Slings
 - Level 1.9(2.1) Throwing
 + Level 0.8 Armour
 * Level 3.1 Dodging


You had 3 spell levels left.
You didn't know any spells.
Your spell library was empty.

Dungeon Overview and Level Annotations

Branches:
Dungeon (3/15)

Altars:

Annotations:
D:3 Grinder


Innate Abilities, Weirdness & Mutations

You are resistant to torment.
Your stone body is resilient. (AC +3)
You are immune to poison.
You resist negative energy. (rN+)
You are resistant to electric shocks. (rElec)
You can survive without breathing.
You are immune to petrification.
You are immune to rotting.


Message History

You kill the frilled lizard!
The bat hits you but does no damage.
Grinder grins, showing sharp teeth.
Grinder hits you.
You closely miss Grinder. The bat hits you but does no damage.
Grinder zaps a wand.
The puff of flame hits you.
You hit Grinder but do no damage. The bat barely misses you.
Grinder closely misses you. The bat closely misses you. Grinder hits you.
You writhe in agony.
You hit Grinder.
Grinder is lightly wounded.
The bat hits you but does no damage. Grinder hits you.
* * * LOW HITPOINT WARNING * * *
You writhe in agony.
* * * LOW HITPOINT WARNING * * *
You closely miss Grinder.
Grinder is lightly wounded.
The bat hits you but does no damage. The bat barely misses you.
Grinder zaps a wand.
The puff of flame hits you!
You die...

.# .### ...## ##..#
##.### ###...###
........######## #.#
#####....).....####....#
#..............b@.......
..#####........##5......
### ########## .......
....... #...... #...##
#### ###########
#.........#


You could see Grinder and a bat.

Vanquished Creatures
  3 adders (D:2)
  An ooze (D:2)
  A dart slug (D:1)
  4 leopard geckos
  4 orcs (D:3)
  3 ball pythons (D:1)
  4 bats
  4 giant cockroaches
  10 goblins
  3 hobgoblins
  4 jackals (D:1)
  7 frilled lizards
  6 kobolds
  4 rats
58 creatures vanquished.

Notes
Turn   | Place    | Note
-------+----------+-------------------------------------------
     0 | D:1      | southernslant the Gargoyle Gladiator began the quest for
                  | the Orb.
     0 | D:1      | Reached XP level 1. HP: 12/12 MP: 1/1
    60 | D:1      | Reached XP level 2. HP: 14/18 MP: 2/2
   442 | D:1      | Reached XP level 3. HP: 22/22 MP: 3/3
  1215 | D:2      | Reached XP level 4. HP: 15/28 MP: 4/4
  1542 | D:2      | Reached skill level 1 in Slings
  2104 | D:3      | Noticed Grinder
  2119 | D:3      | Killed from afar by Grinder

Levels and vault maps discovered:
D:1:      dpeg_arrival_connections, layout_basic
D:2:      layout_basic
D:3:      layout_rooms, uniq_grinder

Skill      XL: |  1  2  3  4 |
---------------+-------------+-----
Fighting       | 3 |  3.3
Dodging        | 3 |  3.1
Slings         | 1 |  1.1
Staves         | |  3.6
Throwing       | |  1.9
Armour         | |  0.8

Action                   |  1- 3 |  4- 6 || total
-------------------------+-------+-------++-------
Melee: Quarterstaff      |    86 |    61 ||   147
 Fire: Hunting sling     |    83 |     4 ||    87
  Eat: Chunk             |     1 |     3 ||     4
Armor: Leather armour    |    54 |    23 ||    77
Dodge: Dodged            |    95 |    37 ||   132

Table legend:
 A = Non-vault XP
 B = Vault XP
 C = Vault XP percentage of total XP
 D = Non-vault monster count
 E = Vault monster count
 F = Vault count percentage of total count
                 A         B        C        D         E       F
            +---------+---------+-------+---------+---------+-------
      Total |     147 |       0 |   0.0 |      58 |       0 |   0.0
            +---------+---------+-------+---------+---------+-------
        D:1 |      63 |       0 |   0.0 |      34 |       0 |   0.0
        D:2 |      68 |       0 |   0.0 |      18 |       0 |   0.0
        D:3 |      16 |       0 |   0.0 |       6 |       0 |   0.0
            +---------+---------+-------+---------+---------+-------
